 Dungeon Crawl Stone Soup version 0.30-b1-2-g02819fbbbe (webtiles) character file.

Game seed: 8660691259477827712

296 Arcadio the Ducker (level 6, -6/49 HPs)
             Began as a Merfolk Artificer on May 14, 2023.
             Killed by divine providence
             ... invoked by an orc priest
              (13 damage)
             ... on level 4 of the Dungeon.
             The game lasted 00:06:35 (2972 turns).

Arcadio the Ducker (Merfolk Artificer)              Turns: 2972, Time: 00:06:35

Health: -6/49      AC:  8    Str: 14    XL:     6   Next: 34%
Magic:  6/6        EV:  8    Int: 11    God:
Gold:   171        SH:  0    Dex: 14    Spells: 5/5 levels left

rFire   . . .        s - +0 halberd
rCold   . . .        (shield currently unavailable)
rNeg    . . .        l - +0 chain mail
rPois   .            j - +0 hat
rElec   .            (no cloak)
rCorr   .            (no gloves)
SInv    .            (no boots)
Will    .....        (no amulet) Stlth
                     (no ring)
HPRegen 0.28/turn    (no ring)
MPRegen 0.10/turn

%: no passive effects
@: no status effects
A: (nimble swimmer 2), mertail
a: no special abilities


You were on level 4 of the Dungeon.
You visited 1 branch of the dungeon, and saw 4 of its levels.

You collected 171 gold pieces.

Inventory:

Hand Weapons
 a - a +0 club
 i - a +0 dagger
 s - a +0 halberd (weapon)
 u - a +2 dagger of venom
Missiles
 k - a throwing net
Armour
 b - a +0 leather armour
 j - a +0 hat (worn)
 l - a +0 chain mail (worn)
Wands
 c - a wand of flame (5) (quivered)
 d - a wand of charming (15)
 e - a wand of iceblast (4)
Scrolls
 f - 3 scrolls of teleportation
 h - 2 scrolls of poison
 o - 3 scrolls of vulnerability
 p - 3 scrolls of enchant armour
 r - a scroll of magic mapping {unknown}
 t - a scroll of immolation {unknown}
 w - 3 scrolls of brand weapon {unknown}
Potions
 g - a potion of mutation
 m - 2 potions of lignification
 n - 2 potions of attraction
 q - a potion of brilliance
 v - a potion of heal wounds


   Skills:
 + Level 4.3 Fighting
 + Level 3.0 Polearms
 - Level 0.6 Armour
 + Level 5.8 Dodging
 - Level 1.1 Stealth
 - Level 3.0 Evocations


You had 5 spell levels left.
You didn't know any spells.
Your spell library was empty.

Dungeon Overview and Level Annotations

Branches:
Dungeon (4/15) Zot: 20998
 Temple: D:4-7

Altars:
Gozag


Innate Abilities, Weirdness & Mutations

((You are very nimble when in or above water. (Stealth+, EV+, Speed+++)))
Your lower body shifts to a powerful aquatic tail in water.


Message History

You barely miss the orc wizard.
The orc wizard hits you but does no damage.
You closely miss the orc wizard.
The orc wizard hits you with a +0 dagger.
The orc wizard gestures at you while chanting.
You resist with some effort.
You barely miss the orc wizard.
The orc wizard hits you but does no damage.
You slash the orc wizard!
The orc wizard is almost dead.
The orc wizard casts a spell at you. The magic dart hits you.
You barely miss the orc wizard.
The orc wizard is almost dead.
The orc wizard hits you but does no damage.
The orc priest mumbles some strange prayers to Beogh against you.
Beogh smites you!
The orc priest looks encouraged for a moment.
The orc wizard barely misses you.
The orc priest looks braver for a moment.
You hit the orc wizard.
You kill the orc wizard!
Your Polearms skill increases to level 3!
You slash the orc priest!
The orc priest is almost dead.
The orc priest mumbles some strange prayers to Beogh against you.
Beogh smites you! The orc priest barely misses you.
You closely miss the orc priest.
The orc priest is almost dead.
An endoplasm comes into view.
The orc priest barely misses you.
The orc priest invokes the aid of Beogh against you.
Beogh smites you!
* * * LOW HITPOINT WARNING * * *
You closely miss the orc priest.
The orc priest is almost dead.
The endoplasm quivers.
The orc priest mumbles some strange prayers to Beogh against you.
Beogh smites you!
You die...

..............#.#####...
.....######.#.#.##......
...... #...#.##.##...
...... ###.#.........
......#######.#..#......
#####.....)............#
........######..###....#
...####.# #..# #.#### .
#@# #..# ..# #o# #..# ##
#o...<##... ........o...
.........#.#.
#.........+ #.........#
#######.... .###


You could see 2 orc priests.

Vanquished Creatures
  An ogre (D:4)
  A howler monkey (D:4)
  A hound (D:3)
  An orc wizard (D:4)
  4 gnolls (D:3)
  An adder (D:2)
  3 dart slugs
  3 orcs
  7 endoplasms
  3 giant cockroaches (D:1)
  8 goblins
  2 hobgoblins
  6 jackals
  7 kobolds
  3 quokkas
  2 ball pythons (D:2)
  3 bats
  5 frilled lizards
  4 rats
65 creatures vanquished.

Notes
Turn   | Place    | Note
-------+----------+-------------------------------------------
     0 | D:1      | Arcadio the Merfolk Artificer began the quest for the Orb.
     0 | D:1      | Reached XP level 1. HP: 15/15 MP: 1/1
    64 | D:1      | Reached skill level 3 in Dodging
   135 | D:1      | Reached XP level 2. HP: 22/22 MP: 2/2
   159 | D:1      | You fall into a shaft and drop 1 floor!
   261 | D:1      | HP: 1/22 [endoplasm (2)]
   751 | D:2      | Reached XP level 3. HP: 26/27 MP: 3/3
  1004 | D:2      | Reached skill level 4 in Dodging
  1779 | D:3      | Reached XP level 4. HP: 29/34 MP: 4/4
  2366 | D:3      | Reached skill level 1 in Polearms
  2366 | D:3      | Reached skill level 5 in Dodging
  2366 | D:3      | Reached XP level 5. HP: 41/41 MP: 5/5
  2823 | D:4      | Found an opulent altar of Gozag.
  2894 | D:4      | Noticed an ogre
  2901 | D:4      | Killed an ogre
  2902 | D:4      | Reached XP level 6. HP: 45/48 MP: 6/6
  2972 | D:4      | Killed from afar by an orc priest

Illustrated notes

Levels and vault maps discovered:
D:1:      lightli_iron_boxes, layout_rooms
D:2:      wad_crossroads, layout_basic
D:3:      layout_basic
D:4:      layout_basic, mainiacjoe_overflow_alcove_2, abandoned_shop,
          minivault_11, kennysheep_flooded_box, minmay_hollow_rounded_squares,
          uniq_crazy_yiuf_cottage

Skill      XL: |  1  2  3  4  5  6 |
---------------+-------------------+-----
Dodging        | 3 4 5 |  5.8
Fighting       | 2 3 4 |  4.3
Polearms       | 1 2 3 |  3.0
Armour         | |  0.6
Stealth        | |  1.1
Evocations     | |  3.0

Action                     |  1- 3 |  4- 6 || total
---------------------------+-------+-------++-------
  Melee: Club              |    12 |       ||    12
         Dagger            |   173 |    55 ||   228
         Punch             |     2 |       ||     2
         Halberd           |       |    64 ||    64
  Evoke: Wand              |       |    11 ||    11
    Use: Scroll            |     3 |     6 ||     9
 Armour: Leather armour    |    22 |       ||    22
         Chain mail        |    89 |    58 ||   147
  Dodge: Dodged            |   103 |    62 ||   165
